 Dungeon Crawl Stone Soup version 0.31-a0-222-gefeffbb62a (webtiles) character file.

Game seed: 4155233320512310185

42208 Maxmaps the Spear-Bearer (level 13, -7/89 (101) HPs)
             Began as a Demonspawn Gladiator on July 6, 2023.
             Was an Initiate of Gozag.
             Mangled by a sun demon (9 damage)
             ... on level 10 of the Dungeon.
             The game lasted 00:31:27 (20054 turns).

Maxmaps the Spear-Bearer (Demonspawn Gladiator)    Turns: 20054, Time: 00:31:28

HP:   -7/89 (101)   AC: 19    Str: 15    XL:     13   Next: 84%
MP:   0/13          EV: 20    Int: 14    God:    Gozag
Gold: 946           SH:  8    Dex: 15    Spells: 12/12 levels left

rFire   + . .        a - +0 trident (flame)
rCold   + . .        w - +2 buckler
rNeg    . . .        v - +3 ring mail
rPois   +            (helmet restricted)
rElec   +            H - +0 cloak
rCorr   +            t - +0 pair of gloves
SInv    .            (no boots)
Will    .....        k - amulet of regeneration
Stlth   +            n - +5 ring of evasion
HPRegen 1.14/turn    B - +4 ring of protection
MPRegen 0.26/turn

%: guardian spirit
@: resistant, heavily drained
A: horns 2, slimy green scales 1, foul stench 3, magic shield, magic
regeneration
a: Renounce Religion, Potion Petition, Call Merchant, Bribe Branch


You were on level 10 of the Dungeon.
You worshipped Gozag.
Gozag was pleased with you.
You visited 3 branches of the dungeon, and saw 18 of its levels.
You visited the Abyss 1 time.
You also visited: Ossuary.

You collected 3827 gold pieces.
You paid 2881 gold pieces to Gozag.

Inventory:

Hand Weapons
 a - a +0 trident of flaming (weapon)
 P - a +2 spear of flaming
Missiles
 d - 5 throwing nets (quivered)
 e - a javelin
Armour
 t - a +0 pair of gloves (worn)
 v - a +3 ring mail (worn)
 w - a +2 buckler (worn)
 H - a +0 cloak (worn)
Jewellery
 k - an amulet of regeneration (around neck)
 n - a +5 ring of evasion (left hand)
 p - a ring of willpower
 s - a ring of resist corrosion
 x - an amulet of the acrobat
 A - a ring of see invisible
 B - a +4 ring of protection (right hand)
 E - a +4 ring of protection
 I - a ring of wizardry
Wands
 b - a wand of roots (6)
 f - a wand of acid (19)
 l - a wand of mindburst (10)
 G - a wand of charming (24)
 J - a wand of flame (17)
Scrolls
 c - 4 scrolls of enchant armour
 g - a scroll of revelation
 j - 5 scrolls of amnesia
 o - a scroll of enchant weapon
 u - 5 scrolls of identify
 y - 3 scrolls of fear
 z - a scroll of torment
 M - a scroll of teleportation
 N - a scroll of immolation {unknown}
Potions
 h - 8 potions of curing
 m - 9 potions of mutation
 q - a potion of cancellation
 r - 3 potions of degeneration
 C - 4 potions of brilliance
 D - a potion of ambrosia
 F - 4 potions of enlightenment
 K - a potion of attraction
Miscellaneous
 L - a phial of floods


   Skills:
 + Level 9.6 Fighting
 - Level 14.0 Polearms
 - Level 1.7 Throwing
 - Level 10.0 Armour
 - Level 10.0 Dodging
 - Level 7.3 Shields


You had 12 spell levels left.
You didn't know any spells.
Your spell library contained the following spells:

 Spells                   Type           Power      Damage    Failure   Level
 Freeze                   Ice            0%         1d3       52%         1
 Sandblast                Erth           0%         2d4       52%         1
 Shock                    Conj/Air       0%         1d3       52%         1
 Passwall                 Tmut/Erth      0%         N/A       67%         2
 Poisonous Vapours        Pois/Air       0%         N/A       67%         2
 Sublimation of Blood     Necr           0%         N/A       67%         2
 Frozen Ramparts          Ice            0%         1d1       88%         3
 Hailstorm                Conj/Ice       0%         3d3       88%         3
 Mephitic Cloud           Conj/Pois/Air  0%         N/A       88%         3
 Ozocubu's Armour         Ice            0%         N/A       88%         3
 Stone Arrow              Conj/Erth      0%         3d7       88%         3
 Swiftness                Air            0%         N/A       88%         3
 Vhi's Electric Charge    Tloc/Air       0%         N/A       88%         3
 Airstrike                Air            0%         2d(0-16)  99%         4
 Cause Fear               Hex            0%         N/A       99%         4
 Petrify                  Tmut/Erth      0%         N/A       99%         4
 Arcjolt                  Conj/Air       0%         1d10      100%        5
 Freezing Cloud           Conj/Ice/Air   0%         6-21      100%        5
 Irradiate                Conj/Tmut      0%         3d11      100%        5
 Plasma Beam              Fire/Air       0%         2x1d10    100%        6
 Dragon Form              Tmut           0%         N/A       100%        7
 Ozocubu's Refrigeration  Ice            0%         4d7       100%        7
 Chain Lightning          Conj/Air       0%         N/A       100%        9
 Dragon's Call            Summ           0%         N/A       100%        9
 Fire Storm               Conj/Fire      0%         5d1       100%        9
 Shatter                  Erth           0%         3d5*      100%        9


Dungeon Overview and Level Annotations

Branches:
Dungeon (12/15)            Temple (1/1) D:5            Lair (5/5) D:8
 Shoals (0/4) Lair:2        Snake (0/4) Lair:2        Slime (0/5) Lair:4
    Orc (0/2) D:10        Ossuary (visited)

Altars:
Ashenzari
Cheibriados
Dithmenos
Fedhas
Gozag
Hepliaklqana
Kikubaaqudgha
Makhleb
Nemelex Xobeh
Okawaru
Qazlal
Ru
Sif Muna
Trog
Uskayaw
Vehumet
Wu Jian
Xom
Yredelemnul
Jiyva

Shops:
D:5 :   Lair:1 (((

Annotations:
Lair:4 1 runed translucent door


Innate Abilities, Weirdness & Mutations

You have a pair of horns on your head.
You are partially covered in slimy green scales. (AC +2)
You frequently emit foul miasma when damaged in melee.
When hurt, damage is shared between your health and your magic reserves.
You regenerate magic rapidly.


Message History

The sun demon is almost dead.
The sun demon hits you!
* * * LOW HITPOINT WARNING * * *
You are engulfed in flames.
You resist.
* * * LOW HITPOINT WARNING * * *
You emit a cloud of foul miasma!
You block the soul eater's attack.
You hit the sun demon. You headbutt the sun demon.
The sun demon is almost dead.
The sun demon hits you but does no damage.
You hit the sun demon but do no damage.
The sun demon is almost dead.
The soul eater hits you but does no damage.
You hit the soul eater but do no damage.
The sun demon hits you but does no damage.
The soul eater barely misses you.
You closely miss the soul eater. Your headbutt misses the soul eater.
The sun demon closely misses you.
You hit the soul eater but do no damage.
Your headbutt misses the soul eater.
The soul eater draws from the surrounding life force!
* * * LOW HITPOINT WARNING * * *
You block the sun demon's attack.
You puncture the soul eater! You burn the soul eater.
You headbutt the soul eater, but do no damage.
The soul eater is lightly wounded.
You block the soul eater's attack.
The sun demon hits you but does no damage.
You hit the soul eater but do no damage.
The soul eater is lightly wounded.
You hit the sun demon but do no damage.
You headbutt the sun demon, but do no damage.
The sun demon is almost dead.
The sun demon closely misses you. You block the soul eater's attack.
You barely miss the sun demon.
The sun demon is almost dead.
The sun demon hits you!
* * * LOW HITPOINT WARNING * * *
You are engulfed in flames!
You resist.
You die...
Your body crumbles into a pile of gold.

#.#...#####.## #.|##
#.##.## #.# #..# #.##.#
#.# #..# #.##.#### #.#
#..# #<##....###.## #.##
#.##..♣..##..# #.#
#.#.......##.# #.#
#...♣..33.##.# #.#
#......@..##.#### #.#
#...♣.....#....>####.###
#.#.......#.)........#..
#.##..♣..###.##.####.#.#
#.###...## #.##.####.#.#
#.....##.###.....)...[[#
#.........)...#.####.#.#
#..)..#####..##.####.#.#
#.#)#.##........##.....#


You could see a soul eater and a sun demon.

Vanquished Creatures
  Harold (Lair:1)
  Erica (Lair:1)
  A hydra (Lair:5)
  2 catoblepae (Lair:4)
  A two-headed ogre (D:10)
  10 death yaks
  Sonja (Lair:3)
  2 skysharks (Lair:5)
  3 skeletal warriors
  A cyclops (D:11)
  2 manticores
  5 elephants
  3 black mambas
  A merfolk siren (Lair:2)
  A gargoyle (D:12)
  9 cane toads
  3 unseen horrors
  14 komodo dragons
  2 rime drakes
  2 kobold demonologists (D:11)
  A polar bear (Lair:2)
  A hornet (D:9)
  6 dream sheep (Lair:5)
  9 blink frogs
  2 slime creatures
  24 yaks
  Sigmund (D:2)
  A wraith (D:10)
  2 shadows (D:10)
  3 wyverns
  6 basilisks
  3 vampire mosquitoes (D:11)
  2 steam dragons (D:8)
  Menkaure (Ossuary)
  3 acid dragons
  5 nagas (Lair:2)
  13 water moccasins
  3 orc warriors
  7 black bears
  3 ogres
  3 sky beasts (D:7)
  10 wolves (Lair:3)
  4 centaurs
  A phantom (D:6)
  7 kobold brigands
  11 bullfrogs
  7 killer bees
  5 howler monkeys
  17 electric eels
  4 hounds
  7 orc priests
  Jessica (D:2)
  A sleepcap (D:6)
  2 iguanas
  8 orc wizards
  4 mummies
  10 adders
  A shadow imp (D:5)
  2 white imps
  2 ufetubi
  A worm (D:4)
  37 orcs
  5 endoplasms
  7 giant cockroaches
  13 goblins
  9 hobgoblins
  7 jackals
  29 kobolds
  2 quokkas (D:1)
  5 ball pythons
  5 bats
  3 frilled lizards
  4 gnoll skeletons (Ossuary)
  4 gnoll zombies (Ossuary)
  2 goblin skeletons (Ossuary)
  5 goblin zombies (Ossuary)
  7 hobgoblin skeletons (Ossuary)
  6 hobgoblin zombies (Ossuary)
  4 kobold skeletons (Ossuary)
  5 kobold zombies
  4 orc skeletons (Ossuary)
  5 orc zombies (Ossuary)
  5 rats
  4 rat skeletons (Ossuary)
  2 rat zombies (Ossuary)
448 creatures vanquished.

Vanquished Creatures (others)
  An orc (D:7)
1 creature vanquished.

Grand Total: 449 creatures vanquished

Notes
Turn   | Place    | Note
-------+----------+-------------------------------------------
     0 | D:1      | Maxmaps the Demonspawn Gladiator began the quest for the
                  | Orb.
     0 | D:1      | Reached XP level 1. HP: 16/16 MP: 1/1
    31 | D:1      | Reached skill level 3 in Polearms
   136 | D:1      | Gained mutation: You may rarely emit foul miasma when
                  | damaged in melee. [demonic ancestry]
   136 | D:1      | Reached XP level 2. HP: 22/22 MP: 2/2
   894 | D:2      | Reached XP level 3. HP: 15/27 MP: 3/3
  1062 | D:2      | Reached skill level 4 in Polearms
  1300 | D:2      | Noticed Sigmund
  1316 | D:2      | Killed Sigmund
  1317 | D:2      | Reached skill level 5 in Polearms
  1317 | D:2      | Gained mutation: You regenerate magic rapidly. [demonic
                  | ancestry]
  1317 | D:2      | Reached XP level 4. HP: 33/33 MP: 4/4
  1317 | D:2      | Gained mutation: You sometimes emit foul miasma when
                  | damaged in melee. [demonic ancestry]
  1317 | D:2      | Reached XP level 5. HP: 38/38 MP: 5/5
  1456 | D:2      | Noticed Jessica
  1465 | D:2      | Killed Jessica
  1466 | D:2      | Reached skill level 6 in Polearms
  1695 | D:3      | Found a radiant altar of Vehumet.
  1808 | D:3      | Gained mutation: You frequently emit foul miasma when
                  | damaged in melee. [demonic ancestry]
  1808 | D:3      | Reached XP level 6. HP: 44/44 MP: 6/6
  1973 | D:3      | Found an ancient bone altar of Kikubaaqudgha.
  2270 | D:4      | Reached skill level 7 in Polearms
  2361 | D:4      | Reached XP level 7. HP: 45/50 MP: 7/7
  2424 | D:4      | Found a sand-covered staircase.
  2446 | Ossuary  | Entered an ossuary
  2851 | Ossuary  | Noticed Menkaure
  2865 | Ossuary  | Killed Menkaure
  2866 | Ossuary  | Reached skill level 8 in Polearms
  3142 | D:4      | Found a sparkling altar of Nemelex Xobeh.
  3477 | D:5      | Entered Level 5 of the Dungeon
  3477 | D:5      | Found a staircase to the Ecumenical Temple.
  3515 | Temple   | Entered the Ecumenical Temple
  3572 | Temple   | Became a worshipper of Gozag Ym Sagoz the Greedy
  3603 | D:5      | Found Xiodol's Vocational Training.
  3764 | D:5      | Found a sparkling altar of Nemelex Xobeh.
  3894 | D:5      | Reached skill level 9 in Polearms
  3894 | D:5      | Gained mutation: You have a pair of small horns on your
                  | head. [demonic ancestry]
  3894 | D:5      | Reached XP level 8. HP: 56/56 MP: 8/8
  3947 | D:5      | Found a burning altar of Makhleb.
  4083 | D:5      | Reached skill level 1 in Shields
  4177 | D:6      | Found a shimmering blue altar of Sif Muna.
  5128 | D:6      | Reached skill level 5 in Shields
  5533 | D:7      | You fall into a shaft and drop 1 floor!
  5723 | D:8      | Found a staircase to the Lair.
  5723 | D:8      | Noticed an elephant
  5886 | D:7      | Reached XP level 9. HP: 61/61 MP: 9/9
  6698 | D:7      | Killed an elephant
  6898 | D:7      | Reached skill level 5 in Fighting
  7800 | D:8      | Found an ornate altar of the Wu Jian Council.
  7801 | D:8      | Found a hazy altar of Hepliaklqana.
  7802 | D:8      | Found a basalt altar of Yredelemnul.
  9342 | D:8      | Gained mutation: You are partially covered in slimy green
                  | scales. (AC +2) [demonic ancestry]
  9342 | D:8      | Reached XP level 10. HP: 55/80 MP: 10/10
  9968 | D:9      | Identified the +4 dagger of Tenacity {distort, Int+3 Dex+3}
 10712 | D:10     | Entered Level 10 of the Dungeon
 10721 | D:10     | Reached skill level 1 in Armour
 10993 | D:10     | Noticed a manticore
 11002 | D:10     | Killed a manticore
 11025 | D:10     | Noticed a two-headed ogre
 11036 | D:10     | Killed a two-headed ogre
 11037 | D:10     | Reached skill level 5 in Armour
 11075 | D:10     | Found a staircase to the Orcish Mines.
 11556 | D:11     | Noticed a skeletal warrior
 11602 | D:11     | Noticed a skeletal warrior
 11627 | D:10     | Killed a skeletal warrior
 11628 | D:10     | Gained mutation: You have a pair of horns on your head.
                  | [demonic ancestry]
 11628 | D:10     | Reached XP level 11. HP: 89/89 MP: 11/11
 11970 | D:11     | Noticed a skeletal warrior
 12040 | D:10     | Killed a skeletal warrior
 12372 | Lair:1   | Entered Level 1 of the Lair of Beasts
 12465 | Lair:1   | Noticed Erica
 12491 | Lair:1   | Killed Erica
 12492 | Lair:1   | Reached skill level 5 in Dodging
 12581 | Lair:1   | Noticed Harold
 12603 | Lair:1   | Killed Harold
 13754 | Lair:2   | Reached XP level 12. HP: 95/95 MP: 12/12
 14341 | Lair:2   | Found a staircase to the Shoals.
 14396 | Lair:2   | Reached skill level 10 in Armour
 14458 | Lair:2   | Found a staircase to the Snake Pit.
 15135 | Lair:3   | Noticed Sonja
 15178 | Abyss:1  | Cast into level 1 of the Abyss (Sonja)
 15216 | Lair:3   | Escaped the Abyss
 15230 | Lair:3   | Killed Sonja
 15231 | Lair:3   | Reached skill level 10 in Polearms
 15505 | Lair:3   | Noticed a death yak
 15505 | Lair:3   | Noticed a death yak
 15506 | Lair:3   | Noticed a death yak
 15506 | Lair:3   | Noticed a death yak
 15521 | Lair:3   | Killed a death yak
 15548 | Lair:3   | Killed a death yak
 15565 | Lair:3   | Killed a death yak
 15566 | Lair:3   | Reached skill level 11 in Polearms
 15589 | Lair:3   | Killed a death yak
 16395 | Lair:4   | Found a viscous altar of Jiyva.
 16396 | Lair:4   | Found a staircase to the Slime Pits.
 16446 | Lair:4   | Gained mutation: When hurt, damage is shared between your
                  | health and your magic reserves. [demonic ancestry]
 16446 | Lair:4   | Reached XP level 13. HP: 85/101 MP: 13/13
 16757 | Lair:4   | Found a runed translucent door.
 17308 | Lair:5   | Entered Level 5 of the Lair of Beasts
 17345 | Lair:4   | Reached skill level 12 in Polearms
 17934 | Lair:5   | Reached skill level 13 in Polearms
 18376 | Lair:5   | Reached skill level 14 in Polearms
 18692 | Lair:5   | Noticed a dire elephant
 18692 | Lair:5   | Noticed a dire elephant
 18692 | Lair:5   | Noticed a dire elephant
 19206 | D:11     | Reached skill level 10 in Dodging
 20054 | D:10     | HP: 2/89 [sun demon (11)]
 20054 | D:10     | Mangled by a sun demon

Illustrated notes

Levels and vault maps discovered:
D:1:      amcnicky_arrival_single_pillar, layout_basic, st_stairs_1
D:2:      layout_rooms, uniq_sigmund, uniq_jessica
D:3:      layout_rooms, mainiacjoe_overflow_cross_hatched,
          kiku_gazebo_pond_becter, minmay_ogre_servants
D:4:      layout_rooms, nicolae_ossuary_entry_giza, minmay_ruined_shrine
D:5:      layout_basic, nemelex_xobeh_ov_fountains_minmay,
          makhleb_blood_cavern_becter, minmay_temple_entry_mist,
          nicolae_shop_vocational, uniq_menkaure
D:6:      nicolae_cairo_tiling_very_big, layout_loops_ring,
          mainiacjoe_overflow_24_doors
D:7:      layout_gridville, kennysheep_cross_bottleneck,
          kennysheep_big_empty_room
D:8:      layout_basic, minitemple, david_lair_generic, serial_bayou,
          serial_bayou_crossing, serial_bayou_pond_e, serial_bayou_lagoon_b,
          serial_bayou_pond_e, serial_bayou_pond_b, serial_bayou_lagoon_a
D:9:      layout_basic, amcnicky_altar_gilded
D:10:     layout_loops_ring, orc_0_dummy, grunt_ministairs_9
D:11:     layout_loops_ring
D:12:     layout_small_grid, serial_demonic, serial_demonic_g, serial_demonic_f,
          serial_demonic_d, serial_demonic_d, kennysheep_treasure_room,
          uniq_nessos
Temple:   nicolae_temple_ecumenical_triangle
Lair:1:   layout_regular_city, serial_bayou, serial_bayou_ford_a,
          serial_bayou_pond_a, serial_bayou_lake_a, serial_bayou_pond_e,
          serial_bayou_pond_e, serial_bayou_pond_a, uniq_erica, uniq_harold
Lair:2:   layout_chaotic_city, minmay_shoals_entry_lonely_mermaid,
          minmay_snake_entry_guardpost_medium, minmay_holes
Lair:3:   layout_layer_cave, uniq_sonja
Lair:4:   gammafunk_indiana_jones, layout_small_grid, slime_entry_1,
          grunt_forest_stairs_basic
Lair:5:   due_jungle_book, layout_small_grid

Skill      XL: |  1  2  3  4  5  6  7  8  9 10 11 12 13 |
---------------+----------------------------------------+-----
Polearms       | 3 5 6 7 9 11 14 | 14.0
Shields        | 6 7 |  7.3
Fighting       | 7 9 |  9.6
Armour         | 7 8 10 | 10.0
Dodging        | 8 9 10 | 10.0
Throwing       | |  1.7

Action                     |  1- 3 |  4- 6 |  7- 9 | 10-12 | 13-15 || total
---------------------------+-------+-------+-------+-------+-------++-------
  Melee: Trident           |   104 |   160 |   595 |  1099 |   546 ||  2504
         Punch             |       |     3 |     2 |       |       ||     5
         Headbutt          |       |       |    59 |   206 |   144 ||   409
 Invoke: Potion Petition   |       |       |       |     2 |     1 ||     3
         Call Merchant     |       |       |       |       |     3 ||     3
    Use: Scroll            |       |     7 |    13 |     4 |     3 ||    27
         Potion            |       |       |       |     9 |     1 ||    10
   Stab: Sleeping          |     2 |       |       |       |       ||     2
         Distracted        |       |       |     1 |     1 |     1 ||     3
 Armour: Leather armour    |    27 |    24 |   115 |    69 |       ||   235
         Ring mail         |       |       |       |   143 |   148 ||   291
         Skin              |       |       |       |    15 |       ||    15
  Dodge: Dodged            |    59 |   123 |   415 |   558 |   293 ||  1448
  Block: Buckler           |       |       |   103 |   270 |   128 ||   501

Table legend: (Time is in decaauts)
 A = Elapsed time spent in this place.
 B = Non-inter-level travel time spent in this place.
 C = Inter-level travel time spent in this place.
 D = Time resting spent in this place.
 E = Time spent auto-exploring this place.
 F = Levels seen in this place.
 G = Mean time per level.
                   A        B        C        D        E       F      G
               +--------+--------+--------+--------+--------+-----+--------+
         Total |  19822 |  18503 |   1319 |   3715 |  10225 |  20 |  991.1 |
       Dungeon |  12842 |  12013 |    829 |   2843 |   6605 |  12 | 1070.2 |
        Temple |     62 |     50 |     12 |      0 |     37 |   1 |   62.0 |
          Lair |   6321 |   5843 |    478 |    780 |   3326 |   5 | 1264.2 |
         Abyss |     41 |     41 |      0 |     10 |     25 |   1 |   41.0 |
       Ossuary |    553 |    553 |      0 |     81 |    231 |   1 |  553.0 |
               +--------+--------+--------+--------+--------+-----+--------+

Top non-repeatable levels by time:
     D:8: 2766 daAuts
     D:7: 1968 daAuts
  Lair:1: 1533 daAuts
  Lair:3: 1462 daAuts
  Lair:4: 1333 daAuts
    D:10: 1299 daAuts
  Lair:2: 1081 daAuts
     D:6: 1076 daAuts
     D:9: 1017 daAuts
    D:11: 910 daAuts
  Lair:5: 910 daAuts
     D:1: 889 daAuts
     D:2: 775 daAuts
     D:4: 685 daAuts
     D:5: 668 daAuts
